 Dungeon Crawl Stone Soup version 0.19.0-2-gae57169 (webtiles) character file.

384 Coron the Stinger (level 6, -1/34 HPs)
             Began as a Tengu Venom Mage on Nov 7, 2016.
             Was a Believer of Cheibriados.
             Shot with an arrow by a centaur (10 damage)
             ... on level 5 of the Dungeon.
             The game lasted 00:25:36 (4691 turns).

Coron the Stinger (Tengu Venom Mage)                Turns: 4691, Time: 00:25:36

Health: -1/34      AC:  4    Str: 12    XL:     6   Next: 77%
Magic:  6/11       EV: 15    Int: 20    God:    Cheibriados [**....]
Gold:   168        SH:  0    Dex: 20    Spells: 2 memorised, 7 levels left

rFire  . . .     SeeInvis .       - Unarmed
rCold  . . .     Gourm    .     a - +0 robe
rNeg   . . .     Faith    .     (no shield)
rPois  .         Spirit   .     (helmet restricted)
rElec  .         Reflect  .     (no cloak)
rCorr  +         Harm     .     (no gloves)
MR     .....                    (boots unavailable)
Stlth  ++........               (no amulet)
                                (no ring)
                                l - ring of resist corrosion

@: very slightly contaminated, very slow
A: beak, horns 1, talons 3, icy blue scales 1, subdued magic 1, able to fly 1
a: Fly, Bend Time, Renounce Religion


You were on level 5 of the Dungeon.
You worshipped Cheibriados.
Cheibriados was pleased with you.
You were hungry.

You visited 1 branch of the dungeon, and saw 5 of its levels.

You collected 168 gold pieces.

Inventory:

Armour
 a - a +0 robe (worn)
Jewellery
 l - a ring of resist corrosion (left hand)
Scrolls
 e - 3 scrolls of identify
 f - a scroll of fog {unknown}
 g - a scroll of immolation
 h - 3 scrolls of teleportation
 k - a scroll of amnesia {unknown}
 r - a scroll of blinking {unknown}
 s - a scroll of noise {unknown}
 u - a scroll of enchant weapon {unknown}
Potions
 j - a potion of brilliance {unknown}
 m - 2 potions of curing {unknown}
 n - a potion of agility {unknown}
 p - 2 potions of might
 q - a potion of flight {unknown}
Books
 b - a Young Poisoner's Handbook

   Spells                             Type                      Level
   a - Sting                          Conjuration/Poison           1
   b - Mephitic Cloud                 Conjuration/Poison/Air       3
   c - Olgreb's Toxic Radiance        Poison                       4
   d - Alistair's Intoxication        Transmutation/Poison         5
   e - Venom Bolt                     Conjuration/Poison           5
Comestibles
 c - 5 bread rations
 i - a beef jerky
 o - 2 fruits
 t - 2 royal jellies


   Skills:
 - Level 1.5 Fighting
 - Level 0.2 Throwing
 - Level 4.0 Dodging
 - Level 2.0 Stealth
 - Level 1.0 Unarmed Combat
 - Level 3.0 Spellcasting
 - Level 2.2 Conjurations
 - Level 4.1 Poison Magic
 * Level 3.6 Invocations


You had 7 spell levels left.
You knew the following spells:

 Your Spells              Type           Power        Failure   Level  Hunger
a - Sting                 Conj/Pois      ##..         3%          1    None
b - Mephitic Cloud        Conj/Pois/Air  #.......     17%         3    ###....


Dungeon Overview and Level Annotations

Branches:
Dungeon (5/15)
 Temple: D:4-7

Altars:
Cheibriados
Yredelemnul

Annotations:
D:5 Grinder


Innate Abilities, Weirdness & Mutations

You have a beak for a mouth.
You have claws for feet.
You can fly.
You have a pair of small horns on your head.
You are partially covered in icy blue scales. (AC +2)
Your spells are a little easier to cast, but a little less powerful.


Message History

The centaur is lightly wounded.
Casting: Sting
Confirm with . or Enter, or press ? or * to list all spells.
Aiming: Sting
Press: ? - help, Shift-Dir - straight line, f/p - centaur
Aim: a centaur, wielding a shortbow (moderately wounded, poisoned)
The sting hits the centaur.
The centaur is moderately wounded.
The centaur shoots an arrow.
The arrow hits you!
The centaur shoots an arrow.
The arrow hits you!
* * * LOW HITPOINT WARNING * * *
Casting: Sting
Confirm with . or Enter, or press ? or * to list all spells.
Aiming: Mephitic Cloud
Press: ? - help, Shift-Dir - straight line, f/p - centaur
Aim: a centaur, wielding a shortbow (moderately wounded, poisoned)
You miscast Mephitic Cloud.
You are very lightly contaminated with residual magic.
You feel electric!
The centaur shoots an arrow.
The arrow hits you!
You die...

#<.........## .
###..........
######+#....#.# ##
............#.### #.
................####
#.
........#####.#.#..
........'.....#(#c#
........#######.#.#
#####...........@.#
#.>.............#
#...........(.......
###############.####
<# #


You could see a centaur.

Vanquished Creatures
  A scorpion (D:5)
  An orc priest (D:3)
  Jessica (D:3)
  5 worker ants (D:4)
  Robin (D:2)
  4 adders
  An ooze (D:1)
  2 dart slugs
  6 leopard geckos
  10 orcs
  12 bats
  5 giant cockroaches
  11 goblins
  13 hobgoblins
  4 jackals (D:3)
  A quokka (D:2)
  5 frilled lizards
  7 kobolds
  8 rats
98 creatures vanquished.

Notes
Turn   | Place    | Note
-------+----------+-------------------------------------------
     0 | D:1      | Coron the Tengu Venom Mage began the quest for the Orb.
     0 | D:1      | Reached XP level 1. HP: 10/10 MP: 4/4
   143 | D:1      | Reached XP level 2. HP: 9/15 MP: 1/6
   450 | D:1      | Gained mutation: Your spells are a little easier to cast, but a little less powerful. [potion of mutation]
   450 | D:1      | Gained mutation: You have a pair of small horns on your head. [potion of mutation]
   453 | D:1      | Reached XP level 3. HP: 19/19 MP: 4/7
   576 | D:1      | Learned a level 3 spell: Mephitic Cloud
  1343 | D:2      | Reached skill level 1 in Fighting
  1819 | D:2      | Reached XP level 4. HP: 25/25 MP: 6/8
  1969 | D:2      | Found a basalt altar of Yredelemnul.
  2251 | D:2      | Noticed Robin
  2651 | D:2      | Killed Robin
  2763 | D:3      | Reached skill level 1 in Unarmed Combat
  2871 | D:3      | Gained mutation: You are partially covered in icy blue scales. (AC +2) [potion of beneficial mutation]
  2971 | D:3      | Noticed Jessica
  2976 | D:3      | Killed Jessica
  2976 | D:3      | Gained mutation: You can fly. [Tengu growth]
  2976 | D:3      | Reached XP level 5. HP: 29/29 MP: 5/9
  3172 | D:3      | Found a faded altar of an unknown god.
  3381 | D:3      | Became a worshipper of Cheibriados the Contemplative
  3381 | D:3      | Reached * piety under Cheibriados
  3482 | D:3      | Reached skill level 1 in Invocations
  3937 | D:4      | Reached XP level 6. HP: 34/34 MP: 7/11
  4056 | D:4      | Reached ** piety under Cheibriados
  4495 | D:5      | Entered Level 5 of the Dungeon
  4499 | D:5      | Noticed Grinder
  4499 | D:5      | Paralysed by Grinder for 4 turns
  4691 | D:5      | Shot with an arrow by a centaur

Skill      XL: |  1  2  3  4  5  6 |
---------------+-------------------+-----
Dodging        | 3 4 |  4.0
Fighting       | 1 |  1.5
Unarmed Combat | 1 |  1.0
Conjurations   | 2 |  2.2
Spellcasting   | 3 |  3.0
Invocations    | 2 3 |  3.6
Throwing       | |  0.2
Stealth        | |  2.0
Poison Magic   | |  4.1

Action                   |  1- 3 |  4- 6 || total
-------------------------+-------+-------++-------
Melee: Unarmed           |   107 |    45 ||   152
       Kick              |    22 |    13 ||    35
       Peck              |    13 |     9 ||    22
       Headbutt          |     7 |     5 ||    12
 Cast: Sting             |    63 |   114 ||   177
       Mephitic Cloud    |       |     2 ||     2
  Use: Scroll            |     2 |     2 ||     4
       Potion            |     1 |     2 ||     3
  Eat: Chunk             |     4 |     7 ||    11
Armor: Robe              |    40 |     8 ||    48
Dodge: Dodged            |    98 |    65 ||   163
